 Dungeon Crawl Stone Soup version 0.31-a0-473-g61b50ae490 (webtiles) character file.

Game seed: 2874516278537879153

1994 Gorglomux the Cleaver (level 9, -6/86 HPs)
             Began as a Deep Dwarf Fighter on Oct 8, 2021.
             Was a Believer of Makhleb.
             Mangled by a wraith (10 damage)
             ... in an ossuary on Aug 6, 2023.
             The game lasted 00:13:05 (5523 turns).

Gorglomux the Cleaver (Deep Dwarf Fighter)          Turns: 5523, Time: 00:13:06

Health: -6/86      AC:  8    Str: 22    XL:     9   Next: 1%
Magic:  3/3        EV:  9    Int: 10    God:    Makhleb [**....]
Gold:   311        SH:  4    Dex: 12    Spells: 8/8 levels left

rFire   . . .        a - +1 war axe
rCold   . . .        c - +0 buckler
rNeg    . . .        b - +0 scale mail
rPois   .            (no helmet)
rElec   .            (no cloak)
rCorr   .            (no gloves)
SInv    .            o - +0 pair of boots
Will    +....        (no amulet) Stlth
                     (no ring)
HPRegen 0.00/turn    (no ring)
MPRegen 0.08/turn

%: no passive effects
@: slowed, very slow
A: damage resistance, heal wounds, sense surroundings 2, no regeneration
a: Heal Wounds, Renounce Religion, Minor Destruction


You were in an ossuary.
You worshipped Makhleb.
Makhleb was pleased with you.
You visited 2 branches of the dungeon, and saw 8 of its levels.
You also visited: Ossuary.

You collected 311 gold pieces.

Inventory:

Hand Weapons
 a - a +1 war axe (weapon)
 h - a +1 whip of draining
Missiles
 Z - 3 throwing nets
Armour
 b - a +0 scale mail (worn)
 c - a +0 buckler (worn)
 e - a +0 pair of boots
 m - a +0 plate armour
 o - a +0 pair of boots (worn)
 r - a +0 cloak
Jewellery
 j - a ring of ice
 k - a ring of magical power
 s - a +4 ring of protection
Wands
 A - a wand of acid (8)
Scrolls
 f - a scroll of immolation
 i - 3 scrolls of enchant weapon
 l - a scroll of fog
 p - a scroll of revelation {unknown}
 R - 3 scrolls of identify
Potions
 d - 2 potions of might
 g - a potion of resistance
 n - a potion of enlightenment
 q - a potion of cancellation {unknown}
 t - 2 potions of mutation
 u - a potion of heal wounds
 H - a potion of haste
 Q - 2 potions of curing


   Skills:
 + Level 7.2 Fighting
 - Level 3.6 Long Blades
 + Level 8.2 Axes
 - Level 3.2 Armour
 - Level 3.2 Shields
 + Level 5.3 Invocations


You had 8 spell levels left.
You didn't know any spells.
Your spell library contained the following spells:

 Spells                   Type           Power      Damage    Failure   Level
 Foxfire                  Conj/Fire      0%         2x1d4     77%         1
 Sandblast                Erth           0%         2d4       77%         1
 Lesser Beckoning         Tloc           0%         N/A       88%         2
 Passwall                 Tmut/Erth      0%         N/A       88%         2
 Gell's Gravitas          Tloc           0%         N/A       98%         3
 Inner Flame              Hex/Fire       0%         N/A       98%         3
 Stone Arrow              Conj/Erth      0%         3d7       98%         3
 Teleport Other           Tloc           0%         N/A       98%         3
 Anguish                  Hex/Necr       0%         N/A       100%        4
 Flame Wave               Conj/Fire      0%         2d4       100%        4
 Enfeeble                 Hex            0%         N/A       100%        7


Dungeon Overview and Level Annotations

Branches:
Dungeon (7/15)             Temple (1/1) D:6         Ossuary (1/1)

Altars:
Cheibriados
Dithmenos
Elyvilon
Fedhas
Gozag
Hepliaklqana
Kikubaaqudgha
Makhleb
Nemelex Xobeh
Okawaru
Qazlal
Ru
Sif Muna
Trog
Uskayaw
Vehumet
Wu Jian
Xom
Yredelemnul
Zin
The Shining One

Shops:
D:1 *

Annotations:
D:5 3 runed translucent doors, floatRand's ghost, amateur GrFi


Innate Abilities, Weirdness & Mutations

You are resistant to damage.
You can heal yourself by infusing magical energy.
You passively map the area around you.
You do not regenerate.


Message History

The wraith is severely damaged.
The wraith barely misses you.
You hit the wraith but do no damage.
The wraith is severely damaged.
The wraith hits you but does no damage.
You hit the wraith but do no damage.
The wraith is severely damaged.
The wraith barely misses you. The wraith completely misses you.
You hit the wraith but do no damage.
The wraith is severely damaged.
The wraith hits you.
You hit the wraith.
The wraith is severely damaged.
You block the wraith's attack.
You closely miss the wraith.
The wraith is severely damaged.
The wraith hits you. The wraith drains your vigour!
You feel yourself slow down.
You hit the wraith but do no damage.
The wraith is severely damaged.
The wraith closely misses you.
You barely miss the wraith.
The wraith is severely damaged.
The wraith hits you. The wraith drains your vigour!
You feel as though you will be slow longer.
The wraith closely misses you.
You closely miss the wraith.
The wraith is heavily damaged.
The wraith hits you. The wraith drains your vigour!
You feel as though you will be slow longer.
The wraith hits you but does no damage.
You hit the wraith.
The wraith is severely damaged.
The wraith hits you.
* * * LOW HITPOINT WARNING * * *
The wraith drains your vigour!
You feel as though you will be slow longer.
The wraith hits you but does no damage.
You hit the wraith.
The wraith is severely damaged.
The wraith hits you!
* * * LOW HITPOINT WARNING * * *
The wraith drains your vigour!
You feel as though you will be slow longer.
You barely miss the wraith.
The wraith is severely damaged.
The wraith hits you!
* * * LOW HITPOINT WARNING * * *
The wraith hits you!
You die...

,
,..#####'#####.......#
,##.........##......#
#...#####...##.....# *
,
#...##...##...##....#
...##...!.##...#....#
, ..
#.!.!!!.#...+....#
*,,, .
##..?..##...#....# .
.##..W##...##....#
#...##@##...##.....#
,,, .
#.........##......#
*,,,
..#####+#####.......#
..................∩.#
,
,....................#
**
*#####'''############
####...####
#..'...'..#
#..#...#..#


You could see a wraith.

Vanquished Creatures
  An orc warrior (D:6)
  An ice beast (D:6)
  An ogre (D:6)
  A centaur (D:6)
  2 phantoms
  A bullfrog (D:7)
  A gnoll sergeant (D:7)
  3 scorpions
  4 killer bees (D:7)
  A howler monkey (D:4)
  3 hounds (D:5)
  2 orc priests
  4 gnoll boudas
  3 iguanas
  4 orc wizards
  A hound skeleton (D:4)
  2 mummies
  26 gnolls
  9 adders
  A white imp (D:5)
  3 ufetubi
  An adder skeleton (D:4)
  A worm (D:2)
  3 dart slugs
  21 orcs
  6 ball pythons
  2 bats
  11 endoplasms
  2 giant cockroaches
  6 goblins
  11 hobgoblins
  6 jackals
  6 quokkas
  3 frilled lizards
  3 gnoll skeletons (Ossuary)
  7 kobolds
  3 kobold skeletons (Ossuary)
  11 orc skeletons (Ossuary)
  4 rats
181 creatures vanquished.

Notes
Turn   | Place    | Note
-------+----------+-------------------------------------------
     0 | D:1      | Gorglomux the Deep Dwarf Fighter began the quest for the
                  | Orb.
     0 | D:1      | Reached XP level 1. HP: 20/20 MP: 1/1
    74 | D:1      | Found Eweurphici's Assorted Antiques.
   266 | D:1      | Reached skill level 3 in Fighting
   266 | D:1      | Reached XP level 2. HP: 18/28 MP: 2/2
   604 | D:1      | Reached skill level 3 in Axes
   894 | D:1      | Reached XP level 3. HP: 33/34 MP: 2/2
  1202 | D:2      | Reached XP level 4. HP: 37/44 MP: 3/3
  1503 | D:2      | Reached skill level 4 in Axes
  1696 | D:2      | Found a faded altar of an unknown god.
  2214 | D:3      | Reached XP level 5. HP: 34/50 MP: 3/3
  2694 | D:4      | Noticed a phantom
  2706 | D:4      | Killed a phantom
  2707 | D:4      | Reached skill level 5 in Axes
  2805 | D:4      | Upgraded the game from 0.28-a0-628-g3c9886e45e to
                  | 0.31-a0-473-g61b50ae490
  2864 | D:4      | Reached XP level 6. HP: 12/58 MP: 4/4
  2940 | D:4      | Reached skill level 1 in Long Blades
  3460 | D:5      | Entered Level 5 of the Dungeon
  3548 | D:5      | Reached XP level 7. HP: 49/67 MP: 2/2
  3791 | D:5      | Reached skill level 6 in Axes
  3825 | D:5      | Found a runed translucent gate.
  3825 | D:5      | Noticed floatRand's ghost (amateur GrFi)
  3827 | D:5      | Found a runed translucent gate.
  4236 | D:5      | Found a runed translucent gate.
  4275 | D:5      | Reached skill level 3 in Long Blades
  4451 | D:6      | Found a staircase to the Ecumenical Temple.
  4460 | Temple   | Entered the Ecumenical Temple
  4470 | Temple   | Became a worshipper of Makhleb the Destroyer
  4485 | D:6      | Reached skill level 6 in Fighting
  4489 | D:6      | Reached skill level 1 in Invocations
  4489 | D:6      | Reached XP level 8. HP: 65/76 MP: 1/1
  4640 | D:6      | Reached skill level 7 in Axes
  4684 | D:6      | Reached skill level 3 in Invocations
  4895 | D:6      | Reached * piety under Makhleb
  5237 | D:7      | Reached skill level 8 in Axes
  5390 | D:7      | Found a sand-covered staircase.
  5398 | D:7      | Gained mutation: You passively map the area around you.
                  | [Deep Dwarf growth]
  5398 | D:7      | Reached XP level 9. HP: 27/86 MP: 2/2
  5402 | Ossuary  | Entered an ossuary
  5478 | Ossuary  | Reached ** piety under Makhleb
  5523 | Ossuary  | HP: 4/86 [wraith (10)]
  5523 | Ossuary  | Mangled by a wraith

Illustrated notes

Levels and vault maps discovered:
D:1:      dpeg_arrival_castle, layout_loops_ring, serial_co_window_serial,
          co_window_paths_a, co_window_of_opportunity_a, co_window_paths_a,
          co_window_of_opportunity_a, co_window_paths_a, co_window_broadway_c,
          co_window_cross_4, co_window_paths_c, co_window_broadway_b,
          glass_columns_c, serial_shops, shop
D:2:      layout_basic, shapermc_ecumenical_altar_totnotflames,
          lemuel_flame_loot_1
D:3:      layout_loops_corners, kennysheep_generic_room_15
D:4:      layout_loops_ring
D:5:      layout_loops_corners, biasface_ghost_orc_armoury
D:6:      layout_rooms, minmay_temple_entry_drinking_statues,
          minmay_misc_feat_five, hangedman_decor_lopped
D:7:      nicolae_cairo_tiling_large_dashed, layout_loops_corners,
          gup_ossuary_entry_pyramid
Temple:   nicolae_temple_the_god_donut
Ossuary:  ossuary_due_mausoleum

Skill      XL: |  1  2  3  4  5  6  7  8 |
---------------+-------------------------+-----
Fighting       | 3 4 5 6 7 |  7.2
Axes           | 3 4 5 6 8 |  8.2
Long Blades    | 2 3 |  3.6
Invocations    | 1 5 |  5.3
Armour         | |  3.2
Shields        | |  3.2

Action                     |  1- 3 |  4- 6 |  7- 9 || total
---------------------------+-------+-------+-------++-------
  Melee: War axe           |    23 |   162 |   287 ||   472
         Whip              |    63 |    72 |       ||   135
Ability: Heal Wounds       |     1 |     8 |    13 ||    22
  Evoke: Wand              |       |       |    19 ||    19
    Use: Potion            |     2 |     1 |     5 ||     8
         Scroll            |       |       |     8 ||     8
 Armour: Scale mail        |    26 |   115 |   120 ||   261
         Skin              |       |       |    85 ||    85
  Dodge: Dodged            |    34 |    90 |   159 ||   283
  Block: Buckler           |    10 |    45 |    86 ||   141

Table legend: (Time is in decaauts)
 A = Elapsed time spent in this place.
 B = Non-inter-level travel time spent in this place.
 C = Inter-level travel time spent in this place.
 D = Time resting spent in this place.
 E = Time spent auto-exploring this place.
 F = Levels seen in this place.
 G = Mean time per level.
                   A        B        C        D        E       F      G
               +--------+--------+--------+--------+--------+-----+--------+
         Total |   5624 |   5383 |    241 |    239 |   3630 |   9 |  624.9 |
       Dungeon |   5479 |   5238 |    241 |    239 |   3609 |   7 |  782.7 |
        Temple |     17 |     17 |      0 |      0 |      0 |   1 |   17.0 |
       Ossuary |    127 |    127 |      0 |      0 |     21 |   1 |  127.0 |
               +--------+--------+--------+--------+--------+-----+--------+

Top non-repeatable levels by time:
     D:1: 1093 daAuts
     D:5: 955 daAuts
     D:3: 863 daAuts
     D:4: 827 daAuts
     D:2: 711 daAuts
     D:6: 664 daAuts
     D:7: 363 daAuts
 Ossuary: 127 daAuts
  Temple: 17 daAuts
